 Dungeon Crawl Stone Soup version 0.27.1-33-g824d729ab1 (webtiles) character file.

Game seed: 15899427178172349998

46 Atelerd the Digger (level 3, -2/21 HPs)
             Began as an Octopode Earth Elementalist on Dec 21, 2021.
             Slain by a goblin (4 damage)
             ... led by Robin
             ... on level 2 of the Dungeon.
             The game lasted 00:01:14 (2025 turns).

Atelerd the Digger (Octopode Earth Elementalist)    Turns: 2025, Time: 00:01:15

Health: -2/21      AC:  1    Str:  7    XL:     3   Next: 68%
Magic:  0/7        EV: 13    Int: 18    God:
Gold:   75         SH:  0    Dex: 12    Spells: 6/7 levels left

rFire    . . .     SeeInvis .   a - +0 dagger
rCold    . . .     Faith    .   (no shield)
rNeg     . . .     Spirit   .   (helmet restricted)
rPois    .         Reflect  .   (no amulet)
rElec    .         Harm     .   (no ring)
rCorr    .         Rampage  .   (no ring)
Will     .....                  (no ring)
Stlth    +++.......             (no ring)
HPRegen  0.07/turn              (no ring)
MPRegen  0.10/turn              (no ring)
                                (no ring)
                                (no ring)

@: no status effects
A: almost no armour, amphibious, 8 rings, camouflage 1, gelatinous body 1,
(nimble swimmer 1), tentacles
a: no special abilities


You were on level 2 of the Dungeon.
You visited 1 branch of the dungeon, and saw 3 of its levels.

You collected 75 gold pieces.

Inventory:

Hand Weapons
 a - a +0 dagger (weapon)
Missiles
 b - 34 stones
Jewellery
 d - an amulet of reflection
Scrolls
 c - 5 scrolls of identify {unknown}
 e - a scroll of amnesia {unknown}


   Skills:
 - Level 2.0 Dodging
 - Level 2.6 Stealth
 + Level 2.6 Spellcasting
 - Level 2.0 Transmutations
 + Level 3.6 Earth Magic


You had 6 spell levels left.
You knew the following spells:

 Your Spells              Type           Power      Damage    Failure   Level
a - Sandblast             Erth           30%        2d9       3%          1

Your spell library contained the following spells:

 Spells                   Type           Power      Damage    Failure   Level
 Passwall                 Tmut/Erth      10%        N/A       9%          2
 Stone Arrow              Conj/Erth      16%        3d8       24%         3
 Petrify                  Tmut/Erth      12%        N/A       47%         4


Dungeon Overview and Level Annotations

Branches:
Dungeon (3/15)

Altars:

Annotations:
D:2 Robin


Innate Abilities, Weirdness & Mutations

You cannot wear most types of armour.
You are amphibious.
You can wear up to eight rings at the same time.
Your skin changes colour to match your surroundings (Stealth+).
Your rubbery body absorbs attacks. (AC +1, EV +1)
((You are camouflaged near water. (Stealth+)))
You have tentacles for arms and can constrict up to eight enemies at once.


Message History

Press: ? - help, Shift-Dir - straight line, f - goblin, p - Robin
Aim: a goblin, wielding a +0 club (strong, 74% to hit)
The blast of sand misses the goblin.
The goblin misses you.
Unknown command.
Casting: Sandblast (safe; 4% risk of failure)
Confirm with . or Enter, or press ? or * to list all spells.
Aiming: Sandblast (safe; 4% risk of failure)
Press: ? - help, Shift-Dir - straight line, f/p - goblin
Aim: a goblin, wielding a +0 club (strong, 74% to hit)
The blast of sand hits the goblin!
You kill the goblin!
The hobgoblin no longer looks unusually strong.
Robin throws the goblin at you!
Unknown command.
Casting: Sandblast (safe; 3% risk of failure)
Confirm with . or Enter, or press ? or * to list all spells.
You don't have enough magic to cast this spell.
Unknown command.
You hit the goblin. You grab the goblin.
The goblin is severely wounded.
You constrict the goblin.
You kill the goblin!
Robin throws the goblin at you!
The goblin hits you with a staff of air.
Unknown command.
You hit the goblin but do no damage. Your grab misses the goblin.
The hobgoblin closely misses you.
The goblin hits you with a staff of air.
* * * LOW HITPOINT WARNING * * *
Unknown command.
You hit the hobgoblin. You grab the hobgoblin. You squeeze the hobgoblin.
You kill the hobgoblin!
The goblin hits you with a staff of air.
* * * LOW HITPOINT WARNING * * *
Unknown command.
You hit the goblin. You grab the goblin.
The goblin is heavily wounded.
You constrict the goblin. Robin misses you.
The goblin hits you with a staff of air.
You die...

#...# #....#.... # #...#
#.##...#..##.
###.###......#...#. .
#..##.#)#.^...... ..
##.......).##.... ..#
###.##.#)..###.. . [.
###..#.##......#
....#.###...............
......g@g..##..##.##..##
......####g.#.....##..##
....# ##...).........
... #. ##.....#รท.... .
#.# ####......(.... #..#
#..............
#..##...........###
#.................
#.........#..[.#


You could see Robin, a hobgoblin and a goblin (strong).

Vanquished Creatures
  A dart slug (D:3)
  An orc (D:3)
  5 bats
  3 endoplasms
  A giant cockroach (D:1)
  10 goblins
  3 hobgoblins
  A kobold (D:1)
  2 quokkas (D:3)
  5 ball pythons
  4 frilled lizards
  4 rats
40 creatures vanquished.

Notes
Turn   | Place    | Note
-------+----------+-------------------------------------------
     0 | D:1      | Atelerd the Octopode Earth Elementalist began the quest for
                  | the Orb.
     0 | D:1      | Reached XP level 1. HP: 11/11 MP: 3/3
   159 | D:1      | Reached XP level 2. HP: 12/17 MP: 1/5
   720 | D:1      | Found a faded altar of an unknown god.
  1188 | D:2      | Noticed Robin
  1330 | D:3      | Reached XP level 3. HP: 21/21 MP: 4/6
  2025 | D:2      | Slain by a goblin

Illustrated notes

Levels and vault maps discovered:
D:1:      lordsloth_arrival_two_stooges, layout_loops_corners,
          ebering_ecumenical_altar_sacrificial
D:2:      layout_rooms, uniq_robin
D:3:      layout_loops_cross, chequers_serial_rivers_micro_a

Skill      XL: |  1  2  3 |
---------------+----------+-----
Transmutations | 2 |  2.0
Dodging        | |  2.0
Stealth        | |  2.6
Spellcasting   | |  2.6
Earth Magic    | |  3.6

Action                   || total
-------------------------++-------
Melee: Unarmed           ||     8
       Tentacles         ||     5
       Constrict         ||    12
       Dagger            ||    27
 Cast: Sandblast         ||    40
 Stab: Sleeping          ||     1
Armor: Skin              ||     7
Dodge: Dodged            ||    34
